3031 views
Uploaded 2020-01-31 23:05:20
Game version 1.32 / 1.32.1
22:12 long 4on4 ladder game on (8)TwilightRuins_LV
Saved by ChuckleMan
3031 views
Uploaded 2020-01-31 23:05:20
Game version 1.32 / 1.32.1
22:12 long 4on4 ladder game on (8)TwilightRuins_LV

176 units @ 22.9k
/ 2.9k
74 buildings @ 10.6k
/ 4.5k

| Peasant | 17 | 1275 | / | 0 |
| Rifleman | 8 | 1640 | / | 240 |
| Gryphon Rider | 2 | 560 | / | 140 |
| total: | 27 | 3475g | / | 380w |
| Altar of Kings | 1 | 180 | / | 50 |
| Barracks | 2 | 320 | / | 120 |
| Farm | 12 | 960 | / | 240 |
| Lumber Mill | 1 | 120 | / | 0 |
| Blacksmith | 1 | 140 | / | 60 |
| Gryphon Aviary | 3 | 420 | / | 450 |
| Keep | 1 | 320 | / | 210 |
| Castle | 1 | 360 | / | 210 |
| total: | 20 | 2140g | / | 920w |
| 0:06 | Peasant |
| 0:06 | Peasant |
| 0:06 | Peasant |
| 0:06 | Peasant |
| 0:26 | Altar of Kings |
| 0:53 | Barracks |
| 0:57 | Farm |
| 1:07 | Peasant |
| 1:08 | Peasant |
| 1:08 | Peasant |
| 1:19 | Lumber Mill |
| 1:29 | Peasant |
| 1:29 | Peasant |
| 1:39 | Farm |
| 2:20 | Peasant |
| 2:21 | Peasant |
| 2:30 | Farm |
| 2:53 | Blacksmith |
| 3:29 | Farm |
| 3:40 | Bash |
| 3:57 | Peasant |
| 3:57 | Peasant |
| 3:58 | Peasant |
| 3:58 | Peasant |
| 3:58 | Peasant |
| 3:58 | Peasant |
| 4:10 | Farm |
| 4:14 | Rifleman |
| 4:21 | Barracks |
| 4:32 | Black Gunpowder |
| 4:33 | Studded Leather Armor |
| 4:43 | Rifleman |
| 4:52 | Farm |
| 5:23 | Rifleman |
| 5:35 | Farm |
| 5:39 | Rifleman |
| 5:41 | Rifleman |
| 6:10 | Rifleman |
| 6:19 | Farm |
| 6:35 | Iron Forged Swords |
| 6:35 | Iron Plating |
| 7:01 | Farm |
| 7:34 | Rifleman |
| 7:37 | Rifleman |
| 7:46 | Farm |
| 8:20 | Keep |
| 8:47 | Farm |
| 9:56 | Farm |
| 10:50 | Refined Gunpowder |
| 10:51 | Reinforced Leather Armor |
| 10:52 | Steel Forged Swords |
| 10:52 | Steel Plating |
| 10:57 | Castle |
| 11:35 | Thunder Clap |
| 12:42 | Gryphon Aviary |
| 12:59 | Gryphon Aviary |
| 14:04 | Gryphon Rider |
| 14:06 | Gryphon Rider |
| 14:21 | Storm Hammers |
| 14:27 | Gryphon Aviary |
| Select | 82 |
| Build/train/purchase | 45 |
| Right click | 41 |
| Misc. action | 4 |
| Use ability | 1 |

| Peasant | 10 | 750 | / | 0 |
| Rifleman | 28 | 5740 | / | 840 |
| total: | 38 | 6490g | / | 840w |
| Altar of Kings | 1 | 180 | / | 50 |
| Farm | 13 | 1040 | / | 260 |
| Barracks | 2 | 320 | / | 120 |
| Blacksmith | 1 | 140 | / | 60 |
| Town Hall | 1 | 385 | / | 205 |
| Keep | 1 | 320 | / | 210 |
| total: | 18 | 2065g | / | 695w |
| 0:31 | Peasant |
| 0:31 | Peasant |
| 0:31 | Peasant |
| 1:18 | Altar of Kings |
| 1:27 | Farm |
| 1:33 | Peasant |
| 1:33 | Peasant |
| 1:59 | Barracks |
| 2:08 | Farm |
| 2:12 | Peasant |
| 2:12 | Peasant |
| 2:12 | Peasant |
| 2:28 | Blacksmith |
| 2:37 | Peasant |
| 2:37 | Peasant |
| 2:51 | Farm |
| 3:11 | Farm |
| 3:37 | Farm |
| 3:46 | Rifleman |
| 3:47 | Rifleman |
| 3:48 | Rifleman |
| 3:48 | Rifleman |
| 4:04 | Barracks |
| 4:11 | Black Gunpowder |
| 4:33 | Rifleman |
| 4:33 | Rifleman |
| 4:39 | Farm |
| 4:43 | Farm |
| 5:01 | Studded Leather Armor |
| 5:22 | Farm |
| 5:27 | Rifleman |
| 5:38 | Rifleman |
| 5:48 | Holy Light |
| 6:57 | Devotion Aura |
| 7:01 | Rifleman |
| 7:02 | Rifleman |
| 7:04 | Rifleman |
| 7:04 | Rifleman |
| 7:11 | Farm |
| 7:14 | Farm |
| 7:36 | Rifleman |
| 8:38 | Divine Shield |
| 8:56 | Rifleman |
| 8:58 | Rifleman |
| 9:00 | Rifleman |
| 9:16 | Farm |
| 9:19 | Farm |
| 9:59 | Rifleman |
| 9:59 | Rifleman |
| 11:00 | Farm |
| 11:02 | Rifleman |
| 11:04 | Rifleman |
| 12:57 | Rifleman |
| 12:57 | Rifleman |
| 12:58 | Rifleman |
| 12:58 | Rifleman |
| 12:58 | Rifleman |
| 13:33 | Town Hall |
| 14:11 | Rifleman |
| 14:12 | Rifleman |
| 14:12 | Rifleman |
| 14:52 | Keep |
| Right click | 329 |
| Select | 117 |
| Build/train/purchase | 47 |
| Use ability | 11 |
| Misc. action | 5 |
| Assign group | 2 |
| Select group | 2 |
| Esc | 2 |


| Scroll of Town Portal | 1 | 350 |
| total: | 1 | 350g |
| Wisp | 37 | 2220 | / | 0 |
| Archer | 9 | 1170 | / | 90 |
| Druid of the Claw | 5 | 1275 | / | 400 |
| Dryad | 6 | 870 | / | 360 |
| Goblin Shredder | 1 | 375 | / | 100 |
| total: | 58 | 5910g | / | 950w |
| Altar of Elders | 1 | 180 | / | 50 |
| Moon Well | 7 | 1260 | / | 280 |
| Ancient of War | 1 | 150 | / | 60 |
| Ancient of Wonders | 2 | 180 | / | 60 |
| Tree of Life | 1 | 340 | / | 185 |
| Hunter's Hall | 3 | 630 | / | 300 |
| Ancient of Wind | 1 | 150 | / | 140 |
| Ancient of Lore | 2 | 310 | / | 290 |
| Tree of Ages | 3 | 960 | / | 540 |
| Tree of Eternity | 2 | 660 | / | 400 |
| total: | 18 | 3200g | / | 1365w |
| 0:03 | Wisp |
| 0:03 | Wisp |
| 0:07 | Altar of Elders |
| 0:19 | Moon Well |
| 0:21 | Wisp |
| 0:36 | Ancient of War |
| 0:38 | Wisp |
| 0:50 | Wisp |
| 1:00 | Wisp |
| 1:16 | Wisp |
| 1:26 | Moon Well |
| 1:34 | Wisp |
| 1:41 | Archer |
| 1:51 | Wisp |
| 1:59 | Ancient of Wonders |
| 2:12 | Force of Nature |
| 2:19 | Archer |
| 2:30 | Archer |
| 2:30 | Wisp |
| 2:44 | Archer |
| 3:06 | Moon Well |
| 3:16 | Archer |
| 4:23 | Entangling Roots |
| 4:30 | Archer |
| 4:43 | Tree of Ages |
| 4:44 | Tree of Ages |
| 4:48 | Tree of Life |
| 5:01 | Hunter's Hall |
| 5:04 | Hunter's Hall |
| 5:13 | Archer |
| 5:20 | Moon Well |
| 6:19 | Strength of the Moon |
| 6:22 | Hunter's Hall |
| 6:34 | Moon Well |
| 7:03 | Force of Nature |
| 7:04 | Force of Nature |
| 7:17 | Improved Bows |
| 7:19 | Tree of Eternity |
| 8:05 | Wisp |
| 8:05 | Wisp |
| 8:05 | Wisp |
| 8:06 | Wisp |
| 8:06 | Wisp |
| 8:15 | Ancient of Wind |
| 8:25 | Ancient of Lore |
| 8:27 | Ancient of Lore |
| 8:54 | Reinforced Hides |
| 8:54 | Strength of the Wild |
| 9:04 | Fan of Knives |
| 9:25 | Archer |
| 9:39 | Druid of the Claw Adept Training |
| 9:42 | Druid of the Claw |
| 9:43 | Wisp |
| 9:44 | Wisp |
| 9:44 | Wisp |
| 9:44 | Wisp |
| 9:44 | Wisp |
| 9:44 | Wisp |
| 9:44 | Wisp |
| 9:44 | Wisp |
| 9:44 | Wisp |
| 10:13 | Archer |
| 10:33 | Druid of the Claw Master Training |
| 10:34 | Druid of the Claw |
| 10:40 | Wisp |
| 10:40 | Wisp |
| 10:40 | Wisp |
| 10:41 | Wisp |
| 10:41 | Wisp |
| 10:42 | Moon Well |
| 10:50 | Moon Well |
| 11:29 | Improved Strength of the Wild |
| 11:30 | Improved Reinforced Hides |
| 11:32 | Wisp |
| 11:32 | Wisp |
| 11:32 | Wisp |
| 11:33 | Wisp |
| 11:33 | Wisp |
| 11:33 | Wisp |
| 11:33 | Wisp |
| 11:34 | Wisp |
| 11:40 | Ancient of Wonders |
| 11:46 | Goblin Shredder |
| 12:18 | Entangling Roots |
| 12:23 | Druid of the Claw |
| 12:24 | Mark of the Claw |
| 12:43 | Druid of the Claw |
| 12:45 | Advanced Strength of the Wild |
| 13:03 | Blink |
| 13:50 | Druid of the Claw |
| 13:59 | Scroll of Town Portal |
| 14:13 | Advanced Reinforced Hides |
| 14:18 | Abolish Magic |
| 14:30 | Dryad |
| 14:56 | Dryad |
| 16:08 | Dryad |
| 16:09 | Dryad |
| 16:11 | Ultravision |
| 17:43 | Fan of Knives |
| 17:51 | Dryad |
| 17:52 | Dryad |
| 18:01 | Force of Nature |
| Select group | 468 |
| Right click | 400 |
| Select | 264 |
| Build/train/purchase | 127 |
| Assign group | 71 |
| Misc. action | 60 |
| Use ability | 35 |
| Esc | 8 |
| Minimap ping | 8 |


| Wisp | 19 | 1140 | / | 0 |
| Archer | 17 | 2210 | / | 170 |
| Hippogryph | 7 | 1120 | / | 140 |
| Chimaera | 4 | 1320 | / | 280 |
| Rifleman | 6 | 1230 | / | 180 |
| total: | 53 | 7020g | / | 770w |
| Moon Well | 9 | 1620 | / | 360 |
| Altar of Elders | 1 | 180 | / | 50 |
| Ancient of War | 2 | 300 | / | 120 |
| Hunter's Hall | 1 | 210 | / | 100 |
| Tree of Life | 1 | 340 | / | 185 |
| Ancient of Wind | 2 | 300 | / | 280 |
| Chimaera Roost | 2 | 280 | / | 380 |
| Tree of Ages | 1 | 320 | / | 180 |
| Tree of Eternity | 1 | 330 | / | 200 |
| total: | 18 | 3230g | / | 1475w |
| 0:05 | Wisp |
| 0:05 | Wisp |
| 0:06 | Wisp |
| 0:06 | Wisp |
| 0:06 | Wisp |
| 0:07 | Wisp |
| 0:07 | Wisp |
| 0:32 | Moon Well |
| 0:40 | Moon Well |
| 0:55 | Moon Well |
| 1:02 | Wisp |
| 1:03 | Wisp |
| 1:30 | Altar of Elders |
| 1:38 | Wisp |
| 1:39 | Wisp |
| 1:40 | Wisp |
| 2:05 | Ancient of War |
| 2:24 | Wisp |
| 2:26 | Wisp |
| 2:40 | Hunter's Hall |
| 3:31 | Moon Well |
| 3:37 | Trueshot Aura |
| 3:46 | Tree of Ages |
| 4:00 | Moon Armor |
| 4:01 | Strength of the Moon |
| 4:34 | Ancient of War |
| 4:46 | Moon Well |
| 4:56 | Moon Well |
| 5:16 | Archer |
| 5:17 | Archer |
| 5:21 | Archer |
| 5:58 | Archer |
| 5:59 | Archer |
| 6:24 | Ancient of Wind |
| 6:28 | Ancient of Wind |
| 7:09 | Searing Arrows |
| 7:39 | Tree of Life |
| 7:44 | Hippogryph |
| 7:47 | Hippogryph |
| 8:25 | Reinforced Hides |
| 8:45 | Trueshot Aura |
| 9:42 | Evasion |
| 9:46 | Improved Moon Armor |
| 9:47 | Improved Strength of the Moon |
| 9:50 | Improved Reinforced Hides |
| 9:51 | Strength of the Wild |
| 9:58 | Tree of Eternity |
| 10:47 | Improved Bows |
| 10:48 | Archer |
| 10:52 | Wisp |
| 10:52 | Wisp |
| 10:52 | Wisp |
| 10:52 | Wisp |
| 10:55 | Wisp |
| 12:35 | Immolation |
| 12:52 | Chimaera Roost |
| 12:54 | Chimaera Roost |
| 13:49 | Marksmanship |
| 13:50 | Archer |
| 13:51 | Advanced Moon Armor |
| 13:52 | Advanced Strength of the Moon |
| 13:53 | Advanced Reinforced Hides |
| 14:10 | Hippogryph |
| 14:18 | Moon Well |
| 14:21 | Moon Well |
| 14:23 | Moon Well |
| 16:12 | Rifleman |
| 16:12 | Rifleman |
| 16:12 | Rifleman |
| 16:24 | Corrosive Breath |
| 16:24 | Chimaera |
| 16:25 | Chimaera |
| 16:27 | Chimaera |
| 16:29 | Chimaera |
| 16:41 | Improved Strength of the Wild |
| 17:01 | Hippogryph |
| 17:04 | Hippogryph |
| 18:35 | Searing Arrows |
| 19:40 | Archer |
| 19:40 | Archer |
| 19:40 | Archer |
| 19:40 | Archer |
| 19:40 | Archer |
| 19:41 | Archer |
| 19:41 | Archer |
| 19:55 | Rifleman |
| 19:55 | Rifleman |
| 19:55 | Rifleman |
| 20:04 | Archer |
| 20:04 | Archer |
| 20:04 | Archer |
| 20:07 | Hippogryph |
| 20:07 | Hippogryph |
| Right click | 283 |
| Select | 176 |
| Select group | 139 |
| Build/train/purchase | 95 |
| Assign group | 20 |
| Use ability | 5 |
| Minimap ping | 1 |
134 units @ 18.9k
/ 3.3k
209 buildings @ 15.1k
/ 8.8k

| Wisp | 10 | 600 | / | 0 |
| total: | 10 | 600g | / | 0w |
| Altar of Elders | 1 | 180 | / | 50 |
| Moon Well | 2 | 360 | / | 80 |
| Ancient of Wonders | 1 | 90 | / | 30 |
| Tree of Ages | 2 | 640 | / | 360 |
| Tree of Eternity | 2 | 660 | / | 400 |
| total: | 4 | 630g | / | 160w |
| 0:07 | Wisp |
| 0:07 | Wisp |
| 0:07 | Wisp |
| 0:25 | Altar of Elders |
| 0:36 | Moon Well |
| 0:41 | Wisp |
| 0:41 | Wisp |
| 0:55 | Wisp |
| 1:16 | Wisp |
| 1:33 | Wisp |
| 1:54 | Wisp |
| 2:11 | Wisp |
| 2:17 | Moon Well |
| 2:31 | Evasion |
| 3:26 | Tree of Ages |
| 4:35 | Ancient of Wonders |
| 5:49 | Tree of Eternity |
| Select | 53 |
| Right click | 45 |
| Build/train/purchase | 18 |
| Misc. action | 3 |

| Lesser Clarity Potion | 3 | 210 |
| Potion of Healing | 3 | 450 |
| Moonstone | 1 | 50 |
| Potion of Mana | 1 | 200 |
| Anti-magic Potion | 1 | 100 |
| Scroll of Town Portal | 1 | 350 |
| Boots of Speed | 1 | 250 |
| total: | 11 | 1610g |
| Wisp | 19 | 1140 | / | 0 |
| Archer | 4 | 520 | / | 40 |
| Goblin Shredder | 1 | 375 | / | 100 |
| Makrura Deepseer | 12 | 6000 | / | 1200 |
| total: | 36 | 8035g | / | 1340w |
| Ancient Protector | 1 | 135 | / | 80 |
| Altar of Elders | 2 | 360 | / | 100 |
| Moon Well | 6 | 1080 | / | 240 |
| Ancient of War | 1 | 150 | / | 60 |
| Ancient of Wonders | 1 | 90 | / | 30 |
| Tree of Life | 1 | 340 | / | 185 |
| Hunter's Hall | 1 | 210 | / | 100 |
| Chimaera Roost | 14 | 1960 | / | 2660 |
| Tree of Ages | 1 | 320 | / | 180 |
| Tree of Eternity | 1 | 330 | / | 200 |
| total: | 27 | 4325g | / | 3455w |
| 0:03 | Wisp |
| 0:03 | Wisp |
| 0:08 | Altar of Elders |
| 0:09 | Moon Well |
| 0:10 | Altar of Elders |
| 0:32 | Wisp |
| 0:36 | Ancient of War |
| 0:40 | Wisp |
| 0:57 | Wisp |
| 1:08 | Wisp |
| 1:24 | Wisp |
| 1:29 | Moon Well |
| 1:36 | Archer |
| 1:48 | Ancient of Wonders |
| 1:49 | Wisp |
| 1:56 | Archer |
| 2:11 | Force of Nature |
| 2:23 | Archer |
| 2:23 | Wisp |
| 2:38 | Wisp |
| 2:39 | Archer |
| 3:10 | Tree of Life |
| 3:19 | Wisp |
| 3:29 | Entangling Roots |
| 3:42 | Tree of Ages |
| 4:03 | Lesser Clarity Potion |
| 4:06 | Lesser Clarity Potion |
| 4:57 | Entangling Roots |
| 5:10 | Moon Well |
| 5:10 | Moon Well |
| 5:41 | Hunter's Hall |
| 6:05 | Tree of Eternity |
| 6:19 | Moon Well |
| 7:09 | Force of Nature |
| 7:24 | Makrura Deepseer |
| 7:29 | Makrura Deepseer |
| 7:44 | Wisp |
| 7:44 | Wisp |
| 7:44 | Wisp |
| 7:46 | Wisp |
| 7:46 | Wisp |
| 8:20 | Makrura Deepseer |
| 8:27 | Potion of Healing |
| 8:33 | Ancient Protector |
| 8:35 | Moon Well |
| 9:33 | Nature's Blessing |
| 9:35 | Well Spring |
| 9:37 | Chimaera Roost |
| 9:48 | Goblin Shredder |
| 10:02 | Chimaera Roost |
| 10:03 | Chimaera Roost |
| 10:03 | Chimaera Roost |
| 10:11 | Wisp |
| 10:54 | Chimaera Roost |
| 10:54 | Chimaera Roost |
| 11:00 | Entangling Roots |
| 11:22 | Corrosive Breath |
| 11:47 | Wisp |
| 11:51 | Makrura Deepseer |
| 11:57 | Makrura Deepseer |
| 13:01 | Makrura Deepseer |
| 13:07 | Strength of the Wild |
| 13:10 | Chimaera Roost |
| 13:11 | Chimaera Roost |
| 13:12 | Chimaera Roost |
| 13:45 | Wisp |
| 13:52 | Tranquility |
| 14:08 | Improved Strength of the Wild |
| 15:53 | Advanced Strength of the Wild |
| 16:10 | Reinforced Hides |
| 16:12 | Scroll of Town Portal |
| 16:13 | Moonstone |
| 16:15 | Lesser Clarity Potion |
| 16:16 | Potion of Healing |
| 16:17 | Potion of Mana |
| 16:20 | Anti-magic Potion |
| 16:22 | Potion of Healing |
| 16:36 | Makrura Deepseer |
| 16:41 | Makrura Deepseer |
| 16:47 | Makrura Deepseer |
| 17:10 | Ultravision |
| 17:32 | Makrura Deepseer |
| 17:58 | Boots of Speed |
| 19:02 | Force of Nature |
| 20:14 | Chimaera Roost |
| 20:14 | Chimaera Roost |
| 20:15 | Chimaera Roost |
| 20:17 | Chimaera Roost |
| 20:19 | Chimaera Roost |
| 20:26 | Improved Reinforced Hides |
| 21:50 | Thorns Aura |
| 21:52 | Makrura Deepseer |
| 21:58 | Makrura Deepseer |
| Select group | 1383 |
| Right click | 1357 |
| Chat | 306 |
| Select | 222 |
| Build/train/purchase | 218 |
| Misc. action | 119 |
| Use ability | 55 |
| Assign group | 35 |
| Item give/drop | 5 |



| Scroll of Town Portal | 1 | 350 |
| Staff of Teleportation | 3 | 450 |
| Boots of Speed | 3 | 750 |
| Periapt of Vitality | 1 | 325 |
| Staff of Preservation | 1 | 150 |
| Orb of Venom | 1 | 325 |
| total: | 10 | 2350g |
| Peasant | 15 | 1125 | / | 0 |
| Goblin Shredder | 2 | 750 | / | 200 |
| Wisp | 5 | 300 | / | 0 |
| total: | 22 | 2175g | / | 200w |
| Scout Tower | 145 | 4350 | / | 2900 |
| Guard Tower | 26 | 1820 | / | 1300 |
| Altar of Kings | 1 | 180 | / | 50 |
| Farm | 4 | 320 | / | 80 |
| Lumber Mill | 2 | 240 | / | 0 |
| Town Hall | 1 | 385 | / | 205 |
| Arcane Sanctum | 1 | 150 | / | 140 |
| Keep | 1 | 320 | / | 210 |
| Castle | 1 | 360 | / | 210 |
| Moon Well | 4 | 720 | / | 160 |
| Tree of Life | 1 | 340 | / | 185 |
| Hunter's Hall | 1 | 210 | / | 100 |
| Ancient of Wind | 1 | 150 | / | 140 |
| total: | 161 | 7045g | / | 3960w |
| 0:03 | Peasant |
| 0:03 | Peasant |
| 0:07 | Altar of Kings |
| 0:10 | Farm |
| 0:22 | Peasant |
| 0:46 | Peasant |
| 0:46 | Peasant |
| 0:56 | Peasant |
| 1:05 | Farm |
| 1:16 | Peasant |
| 1:16 | Peasant |
| 1:21 | Lumber Mill |
| 1:41 | Peasant |
| 1:49 | Peasant |
| 1:49 | Peasant |
| 1:53 | Farm |
| 2:12 | Blizzard |
| 2:40 | Peasant |
| 2:40 | Peasant |
| 3:05 | Peasant |
| 3:05 | Peasant |
| 3:34 | Keep |
| 3:38 | Brilliance Aura |
| 3:53 | Town Hall |
| 3:59 | Scout Tower |
| 3:59 | Scout Tower |
| 4:00 | Scout Tower |
| 4:00 | Scout Tower |
| 4:30 | Guard Tower |
| 4:31 | Guard Tower |
| 5:09 | Goblin Shredder |
| 5:18 | Guard Tower |
| 5:21 | Guard Tower |
| 5:23 | Scout Tower |
| 5:24 | Scout Tower |
| 5:24 | Scout Tower |
| 5:25 | Scout Tower |
| 5:25 | Scout Tower |
| 5:26 | Scout Tower |
| 5:42 | Scout Tower |
| 5:42 | Scout Tower |
| 5:43 | Scout Tower |
| 5:43 | Scout Tower |
| 5:44 | Scout Tower |
| 5:44 | Scout Tower |
| 5:45 | Scout Tower |
| 5:45 | Scout Tower |
| 6:06 | Staff of Teleportation |
| 6:06 | Boots of Speed |
| 6:18 | Castle |
| 6:21 | Blizzard |
| 6:42 | Scout Tower |
| 6:42 | Scout Tower |
| 6:43 | Scout Tower |
| 6:48 | Scout Tower |
| 6:49 | Scout Tower |
| 6:49 | Scout Tower |
| 6:50 | Scout Tower |
| 6:50 | Scout Tower |
| 7:07 | Flame Strike |
| 7:12 | Guard Tower |
| 7:24 | Staff of Teleportation |
| 7:25 | Periapt of Vitality |
| 7:25 | Boots of Speed |
| 7:38 | Guard Tower |
| 7:42 | Guard Tower |
| 8:02 | Goblin Shredder |
| 8:16 | Ancient of Wind |
| 8:18 | Moon Well |
| 8:19 | Moon Well |
| 8:20 | Moon Well |
| 8:20 | Moon Well |
| 8:29 | Siphon Mana |
| 8:34 | Guard Tower |
| 8:37 | Guard Tower |
| 8:39 | Scout Tower |
| 8:40 | Scout Tower |
| 8:40 | Scout Tower |
| 8:41 | Scout Tower |
| 8:42 | Scout Tower |
| 8:43 | Scout Tower |
| 8:52 | Lumber Mill |
| 8:55 | Guard Tower |
| 9:23 | Brilliance Aura |
| 9:31 | Guard Tower |
| 9:34 | Scout Tower |
| 9:35 | Scout Tower |
| 9:36 | Scout Tower |
| 9:36 | Scout Tower |
| 9:37 | Scout Tower |
| 9:37 | Scout Tower |
| 9:38 | Scout Tower |
| 9:38 | Scout Tower |
| 9:39 | Scout Tower |
| 9:39 | Scout Tower |
| 9:45 | Tree of Life |
| 9:47 | Improved Masonry |
| 9:51 | Arcane Sanctum |
| 9:56 | Farm |
| 10:03 | Guard Tower |
| 10:08 | Hunter's Hall |
| 10:10 | Nature's Blessing |
| 10:20 | Scout Tower |
| 10:20 | Scout Tower |
| 10:21 | Scout Tower |
| 10:21 | Scout Tower |
| 10:22 | Scout Tower |
| 10:23 | Scout Tower |
| 10:25 | Scout Tower |
| 10:25 | Scout Tower |
| 10:26 | Scout Tower |
| 10:27 | Scout Tower |
| 10:27 | Scout Tower |
| 10:28 | Scout Tower |
| 10:32 | Scout Tower |
| 10:33 | Scout Tower |
| 10:33 | Scout Tower |
| 10:34 | Scout Tower |
| 10:35 | Scout Tower |
| 10:35 | Scout Tower |
| 10:36 | Scout Tower |
| 10:36 | Scout Tower |
| 10:37 | Scout Tower |
| 10:37 | Scout Tower |
| 10:37 | Scout Tower |
| 10:38 | Scout Tower |
| 10:38 | Scout Tower |
| 10:39 | Scout Tower |
| 10:39 | Scout Tower |
| 10:44 | Rain of Fire |
| 10:57 | Guard Tower |
| 11:08 | Guard Tower |
| 11:16 | Scout Tower |
| 11:17 | Scout Tower |
| 11:18 | Scout Tower |
| 11:18 | Scout Tower |
| 11:19 | Scout Tower |
| 11:19 | Scout Tower |
| 11:20 | Scout Tower |
| 11:20 | Scout Tower |
| 11:21 | Scout Tower |
| 11:21 | Scout Tower |
| 11:22 | Scout Tower |
| 11:22 | Scout Tower |
| 11:23 | Scout Tower |
| 11:23 | Scout Tower |
| 11:32 | Staff of Teleportation |
| 11:32 | Boots of Speed |
| 11:46 | Guard Tower |
| 12:43 | Flame Strike |
| 12:46 | Wisp |
| 12:47 | Wisp |
| 12:47 | Wisp |
| 12:47 | Wisp |
| 12:47 | Wisp |
| 12:49 | Cleaving Attack |
| 13:06 | Guard Tower |
| 13:45 | Guard Tower |
| 13:50 | Scout Tower |
| 13:51 | Scout Tower |
| 13:51 | Scout Tower |
| 13:52 | Scout Tower |
| 13:52 | Scout Tower |
| 13:53 | Scout Tower |
| 13:53 | Scout Tower |
| 13:54 | Scout Tower |
| 13:54 | Scout Tower |
| 13:55 | Scout Tower |
| 13:55 | Scout Tower |
| 14:31 | Blizzard |
| 15:34 | Well Spring |
| 15:34 | Ultravision |
| 15:34 | Strength of the Wild |
| 15:35 | Reinforced Hides |
| 15:43 | Staff of Preservation |
| 15:44 | Scroll of Town Portal |
| 15:47 | Orb of Venom |
| 15:51 | Scout Tower |
| 15:51 | Scout Tower |
| 15:52 | Scout Tower |
| 15:53 | Scout Tower |
| 15:53 | Scout Tower |
| 15:54 | Scout Tower |
| 15:55 | Scout Tower |
| 15:55 | Scout Tower |
| 15:55 | Scout Tower |
| 15:56 | Scout Tower |
| 15:57 | Scout Tower |
| 15:58 | Scout Tower |
| 16:00 | Guard Tower |
| 16:04 | Scout Tower |
| 16:05 | Scout Tower |
| 16:05 | Scout Tower |
| 16:06 | Scout Tower |
| 16:06 | Scout Tower |
| 16:07 | Scout Tower |
| 16:08 | Scout Tower |
| 16:08 | Scout Tower |
| 16:08 | Scout Tower |
| 16:09 | Scout Tower |
| 16:23 | Siphon Mana |
| 16:29 | Rain of Fire |
| 17:31 | Guard Tower |
| 17:39 | Scout Tower |
| 17:40 | Scout Tower |
| 17:41 | Scout Tower |
| 17:42 | Scout Tower |
| 17:42 | Scout Tower |
| 17:42 | Scout Tower |
| 17:43 | Scout Tower |
| 17:44 | Scout Tower |
| 17:44 | Scout Tower |
| 17:44 | Scout Tower |
| 17:45 | Scout Tower |
| 17:45 | Scout Tower |
| 17:51 | Guard Tower |
| 17:54 | Scout Tower |
| 17:55 | Scout Tower |
| 17:57 | Scout Tower |
| 17:57 | Scout Tower |
| 17:58 | Scout Tower |
| 17:58 | Scout Tower |
| 17:58 | Scout Tower |
| 18:04 | Cleaving Attack |
| 18:44 | Flame Strike |
| 18:51 | Mass Teleport |
| 19:38 | Guard Tower |
| 20:21 | Guard Tower |
| 20:29 | Guard Tower |
| 20:36 | Scout Tower |
| 20:37 | Scout Tower |
| 20:37 | Scout Tower |
| 20:38 | Scout Tower |
| 20:39 | Scout Tower |
| 20:39 | Scout Tower |
| 20:40 | Scout Tower |
| 20:40 | Scout Tower |
| 20:40 | Scout Tower |
| 20:41 | Scout Tower |
| 21:13 | Rain of Fire |
| 21:51 | Brilliance Aura |
| 21:53 | Summon Phoenix |
| Right click | 691 |
| Chat | 348 |
| Select group | 284 |
| Select | 190 |
| Build/train/purchase | 135 |
| Use ability | 101 |
| Misc. action | 33 |
| Assign group | 14 |
| Item give/drop | 4 |
| Esc | 4 |

| Circlet of Nobility | 2 | 350 |
| total: | 2 | 350g |
| Wisp | 30 | 1800 | / | 0 |
| Archer | 9 | 1170 | / | 90 |
| Huntress | 4 | 780 | / | 80 |
| Druid of the Claw | 9 | 2295 | / | 720 |
| Dryad | 14 | 2030 | / | 840 |
| total: | 66 | 8075g | / | 1730w |
| Ancient Protector | 2 | 270 | / | 160 |
| Altar of Elders | 1 | 180 | / | 50 |
| Moon Well | 9 | 1620 | / | 360 |
| Ancient of War | 1 | 150 | / | 60 |
| Hunter's Hall | 1 | 210 | / | 100 |
| Tree of Life | 1 | 340 | / | 185 |
| Ancient of Lore | 2 | 310 | / | 290 |
| Tree of Ages | 2 | 640 | / | 360 |
| Tree of Eternity | 1 | 330 | / | 200 |
| total: | 17 | 3080g | / | 1205w |
| 0:12 | Altar of Elders |
| 0:14 | Moon Well |
| 0:18 | Wisp |
| 0:28 | Ancient of War |
| 0:30 | Wisp |
| 0:49 | Wisp |
| 0:52 | Wisp |
| 0:52 | Wisp |
| 0:58 | Wisp |
| 1:13 | Wisp |
| 1:35 | Wisp |
| 1:38 | Archer |
| 1:38 | Archer |
| 1:54 | Moon Well |
| 1:58 | Moon Well |
| 2:18 | Moon Well |
| 2:38 | Moon Well |
| 2:57 | Wisp |
| 3:00 | Archer |
| 3:00 | Archer |
| 3:06 | Trueshot Aura |
| 3:19 | Archer |
| 3:20 | Archer |
| 3:50 | Archer |
| 3:56 | Hunter's Hall |
| 4:18 | Archer |
| 4:22 | Wisp |
| 4:25 | Wisp |
| 4:34 | Archer |
| 4:54 | Scout |
| 5:19 | Huntress |
| 5:19 | Huntress |
| 5:29 | Tree of Ages |
| 5:32 | Ultravision |
| 6:18 | Huntress |
| 6:41 | Tree of Life |
| 6:52 | Moon Well |
| 6:53 | Moon Well |
| 7:11 | Huntress |
| 7:31 | Trueshot Aura |
| 7:59 | Circlet of Nobility |
| 8:07 | Tree of Eternity |
| 8:20 | Ancient of Lore |
| 8:21 | Ancient of Lore |
| 8:54 | Moon Well |
| 8:58 | Strength of the Wild |
| 8:59 | Reinforced Hides |
| 9:12 | Wisp |
| 9:12 | Wisp |
| 9:12 | Wisp |
| 9:12 | Wisp |
| 9:12 | Wisp |
| 9:41 | Abolish Magic |
| 9:43 | Druid of the Claw Adept Training |
| 10:26 | Druid of the Claw |
| 10:26 | Druid of the Claw |
| 10:34 | Druid of the Claw Master Training |
| 10:40 | Wisp |
| 10:40 | Wisp |
| 10:41 | Wisp |
| 10:41 | Wisp |
| 10:41 | Wisp |
| 10:41 | Wisp |
| 10:45 | Wisp |
| 11:08 | Circlet of Nobility |
| 11:21 | Mark of the Claw |
| 11:22 | Dryad |
| 11:22 | Dryad |
| 11:27 | Wisp |
| 11:28 | Wisp |
| 11:28 | Wisp |
| 11:28 | Wisp |
| 11:28 | Wisp |
| 11:28 | Wisp |
| 11:37 | Wisp |
| 12:14 | Dryad |
| 12:14 | Dryad |
| 12:34 | Improved Strength of the Wild |
| 13:03 | Dryad |
| 14:00 | Druid of the Claw |
| 14:00 | Druid of the Claw |
| 14:07 | Advanced Strength of the Wild |
| 14:15 | Scout |
| 14:29 | Dryad |
| 15:02 | Dryad |
| 15:34 | Improved Reinforced Hides |
| 15:54 | Well Spring |
| 16:11 | Trueshot Aura |
| 16:21 | Ancient Protector |
| 16:25 | Ancient Protector |
| 16:38 | Dryad |
| 16:38 | Dryad |
| 16:51 | Nature's Blessing |
| 16:54 | Advanced Reinforced Hides |
| 17:31 | Dryad |
| 17:48 | Starfall |
| 18:04 | Dryad |
| 18:27 | Scout |
| 18:38 | Druid of the Claw |
| 18:38 | Druid of the Claw |
| 18:51 | Druid of the Claw |
| 19:18 | Druid of the Claw |
| 19:26 | Searing Arrows |
| 19:41 | Druid of the Claw |
| 20:26 | Dryad |
| 20:26 | Dryad |
| 20:26 | Dryad |
| 20:48 | Moon Well |
| Right click | 664 |
| Select | 390 |
| Build/train/purchase | 110 |
| Misc. action | 73 |
| Select group | 16 |
| Use ability | 6 |
| Item give/drop | 5 |
| Assign group | 4 |
| Remove unit | 3 |
⇛